 Dungeon Crawl Stone Soup version 0.25.0-1-g7eea58d (webtiles) character file.

Game seed: 4917317802653020827

242256 Dorkslayer the Brawler (level 19, 0/185 HPs)
             Began as a Troll Fighter on June 30, 2020.
             Was a High Priest of Okawaru.
             Hit by a large rock thrown by a cyclops (33 damage)
             ... on level 2 of the Shoals on July 1, 2020.
             The game lasted 03:25:19 (30096 turns).

Dorkslayer the Brawler (Troll Fighter)             Turns: 30096, Time: 03:25:20

Health: 0/185      AC: 13    Str: 28    XL:     19   Next: 9%
Magic:  20/25      EV: 20    Int:  5    God:    Okawaru [*****.]
Gold:   600        SH: 31    Dex: 13    Spells: 18/18 levels left

rFire    + . .     SeeInvis .     - Unarmed
rCold    + . .     Gourm    +   b - +10 tower shield of Ignorance {rN+ Int-4}
rNeg     + + .     Faith    +   T - +1 robe of Yli Idwa {rF+ rC+ MR+}
rPois    .         Spirit   .   p - +2 hat {MR+}
rElec    +         Reflect  .   u - +2 cloak "Fyidythriufo" {rN+ Int+4}
rCorr    .         Harm     .   (gloves unavailable)
MR       +++..                  (boots unavailable)
Stlth    ++++......             c - amulet of faith
HPRegen  0.80/turn              n - ring of flight
MPRegen  0.19/turn              q - ring "Qumibb" {rElec Slay+4}

@: heroism, finesse, marked, flying, studying Dodging
A: large, unfitting armour, claws 3, fast metabolism 3, gourmand, sense
surroundings 1, regeneration 1, shaggy fur 1, tough skin 3, weak 1, sturdy frame
1
}: 1/15 runes: serpentine
a: Heroism, Finesse, Renounce Religion, Stop Flying


You were on level 2 of the Shoals.
You worshipped Okawaru.
Okawaru was extremely pleased with you.
You were very full.

You visited 7 branches of the dungeon, and saw 31 of its levels.
You visited 1 bazaar.
You also visited: Gauntlet.

You collected 2962 gold pieces.
You spent 2362 gold pieces at shops.

Inventory:

Hand Weapons
 g - the +9 hunting sling "Nochiph" {freeze, rPois MR- Dex+3}
   (You found it on level 12 of the Dungeon)

   It causes projectiles fired from it to freeze those they strike, causing
   extra injury to most foes and up to half again as much damage against
   particularly susceptible opponents.
   They can also slow down cold-blooded creatures.
   It affects your dexterity (+3).
   It protects you from poison.
   It affects your resistance to hostile enchantments.
 y - a +6 long sword of flaming
Missiles
 k - 184 sling bullets
 B - 34 boomerangs
 E - 5 throwing nets
 F - 7 silver javelins
 K - 20 javelins (quivered)
Armour
 b - the +10 tower shield of Ignorance (worn) {rN+ Int-4}
   (You found it on level 1 of the Orcish Mines)

   It affects your intelligence (-4).
   It protects you from negative energy.
 p - a +2 hat of magic resistance (worn)
 u - the +2 cloak "Fyidythriufo" (worn) {rN+ Int+4}
   (Okawaru gifted it to you on level 11 of the Dungeon)

   It affects your intelligence (+4).
   It protects you from negative energy.
 T - the +1 robe of Yli Idwa (worn) {rF+ rC+ MR+}
   (Okawaru gifted it to you on level 4 of the Lair of Beasts)

   It protects you from fire.
   It protects you from cold.
   It affects your resistance to hostile enchantments.
Jewellery
 c - an amulet of faith (around neck)
 f - a +4 ring of evasion
 n - a ring of flight (left claw)
 q - the ring "Qumibb" (right claw) {rElec Slay+4}
   (You acquired it on level 2 of the Orcish Mines)

   [ring of slaying]

   It affects your accuracy and damage with ranged weapons and melee attacks
   (+4).
   It insulates you from electricity.
 C - a +4 ring of slaying
Wands
 s - a wand of iceblast (17)
 x - a wand of flame (30)
 z - a wand of paralysis (3)
 R - a wand of random effects (9)
Scrolls
 a - 3 scrolls of holy word
 h - 7 scrolls of teleportation
 l - 12 scrolls of remove curse
 m - 3 scrolls of magic mapping
 v - 4 scrolls of enchant armour
 w - 5 scrolls of identify
 S - 2 scrolls of fog
 Y - 4 scrolls of silence
Potions
 i - 5 potions of curing
 j - 4 potions of invisibility
 r - 3 potions of magic
 t - a potion of resistance
 A - a potion of stabbing
 I - 3 potions of berserk rage
 Q - 4 potions of might
 W - a potion of ambrosia
 X - a potion of flight
Books
 V - a manual of Dodging
Miscellaneous
 G - a phantom mirror
 H - a tin of tremorstones (2/3)
 M - a phial of floods
Comestibles
 d - 55 rations
 o - 7 chunks of flesh


   Skills:
 * Level 11.0(16.0) Fighting
 - Level 1.7(6.7) Long Blades
 - Level 0.6(7.3) Slings
 - Level 4.7(9.8) Throwing
 * Level 3.0(8.0) Armour
 * Level 12.4(17.4) Dodging
 - Level 3.5(8.5) Stealth
 * Level 10.4(15.4) Shields
 * Level 20.6(25.6) Unarmed Combat
 * Level 10.3 Invocations
 * Level 9.9 Evocations


You had 18 spell levels left.
You didn't know any spells.
Your spell library contained the following spells:

 Spells                   Type           Power        Failure   Level  Hunger
 Animate Skeleton         Necr           N/A          47%         1    ##.....
 Apportation              Tloc           #.....       47%         1    ##.....
 Corona                   Hex            #......      47%         1    ##.....
 Freeze                   Ice            #...         47%         1    ##.....
 Infusion                 Chrm           #...         47%         1    ##.....
 Magic Dart               Conj           #...         47%         1    ##.....
 Shock                    Conj/Air       #...         47%         1    ##.....
 Summon Small Mammal      Summ           #...         47%         1    ##.....
 Blink                    Tloc           N/A          63%         2    ###....
 Call Imp                 Summ           #.......     63%         2    ###....
 Ensorcelled Hibernation  Hex/Ice        #.....       63%         2    ###....
 Shroud of Golubria       Chrm/Tloc      #.....       63%         2    ###....
 Slow                     Hex            #.......     63%         2    ###....
 Song of Slaying          Chrm           #.......     63%         2    ###....
 Swiftness                Chrm/Air       #.......     63%         2    ###....
 Confusing Touch          Hex            #.......     85%         3    ####...
 Conjure Flame            Conj/Fire      #.......     85%         3    ####...
 Dazzling Flash           Conj/Hex       #.....       85%         3    ####...
 Frozen Ramparts          Ice            #.....       85%         3    ####...
 Mephitic Cloud           Conj/Pois/Air  #.......     85%         3    ####...
 Ozocubu's Armour         Chrm/Ice       #.......     85%         3    ####...
 Recall                   Summ/Tloc      N/A          85%         3    ####...
 Spectral Weapon          Hex/Chrm       #.......     85%         3    ####...
 Static Discharge         Conj/Air       #.......     85%         3    ####...
 Tukima's Dance           Hex            #.......     85%         3    ####...
 Airstrike                Air            #.........   99%         4    #####..
 Animate Dead             Necr           N/A          99%         4    #####..
 Hailstorm                Conj/Ice       #.......     99%         4    #####..
 Summon Ice Beast         Ice/Summ       #.......     99%         4    #####..
 Borgnjor's Vile Clutch   Necr/Erth      #.........   100%        5    ######.
 Lightning Bolt           Conj/Air       #.........   100%        5    ######.
 Death Channel            Necr           #.........   100%        6    #######
 Simulacrum               Ice/Necr       #.........   100%        6    #######


Dungeon Overview and Level Annotations

Branches:
Dungeon (15/15)            Temple (1/1) D:5            Lair (6/6) D:11
 Shoals (2/4) Lair:2        Snake (4/4) Lair:4        Slime (0/5) Lair:6
    Orc (2/2) D:10            Elf (1/3) Orc:2        Vaults (0/5) D:14
 Depths (0/5) D:15        Gauntlet (visited)

Altars:
Ashenzari
Cheibriados
Dithmenos
Elyvilon
Fedhas
Gozag
Hepliaklqana
Kikubaaqudgha
Makhleb
Nemelex Xobeh
Okawaru
Qazlal
Ru
Sif Muna
Trog
Uskayaw
Vehumet
Wu Jian
Xom
Yredelemnul
Zin
The Shining One
Jiyva

Shops:
D:7 ?   D:9 (   Orc:1 *   Orc:2 ((!?   Snake:1 [   Snake:2 *[   Snake:4 *

Annotations:
Orc:1 1 runed translucent door


Innate Abilities, Weirdness & Mutations

You are too large for most types of armour.
You have claws for hands.
Your metabolism is lightning-fast.
You like to eat raw meat.
Your natural rate of healing is unusually fast.
You are covered in fur. (AC +1)
You have extremely tough skin. (AC +3)
You passively map a small area around you.
You are weak. (Str -2)
Your movements are slightly less encumbered by armour. (ER -2)


Message History

You claw the manticore!
You kill the manticore!
Okawaru accepts your kill. You block the merfolk's attack.
The cyclops throws a large rock.
You block the large rock.
A cyclops comes into view.
You block the merfolk impaler's attack.
A water elemental comes into view.
The merfolk impaler hits you from afar with a +0 trident.
* * * LOW HITPOINT WARNING * * *
You see here a throwing net.
You feel much better. You block the merfolk's attack.
The merfolk impaler hits you from afar with a +0 trident.
* * * LOW HITPOINT WARNING * * *
A cyclops comes into view.
You block the merfolk's attack. You block the merfolk impaler's attack.
The cyclops hits you!!
* * * LOW HITPOINT WARNING * * *
The cyclops throws a large rock.
The large rock hits you!!
You die...

, ≈≈≈≈m≈≈ ≈≈≈ ≈ ≈≈≈≈≈≈. ,
.≈≈≈ , ≈≈≈≈≈≈. ,###.≈≈≈ ≈
≈ ≈≈≈≈... ...≈≈≈≈ ≈
≈≈≈≈... *....≈≈≈ ≈≈ ≈
..≈≈≈≈≈≈≈...## *....≈≈≈ ≈
≈ ...≈..≈≈≈≈....###)..$≈≈≈
≈ ..≈...≈≈≈≈≈E.Cm((.≈≈≈≈≈≈
≈
,....≈...≈≈≈≈.≈>@.m..≈≈≈≈≈
≈≈
........≈≈≈...≈...≈≈≈≈≈≈≈
........C≈C.(....≈≈≈≈≈≈≈≈
P≈.≈≈≈≈..≈≈.##..≈≈≈≈≈≈≈≈≈
≈ ≈P≈≈≈≈.....#..≈≈≈≈≈≈≈≈≈≈
#≈P.≈...>....≈≈..≈≈≈≈≈≈≈ ≈
##≈≈#....≈<.....≈≈≈≈≈≈≈≈ #
##..÷....≈≈≈≈≈≈≈≈≈≈≈ ≈ , *
##.).)....≈≈≈≈≈≈≈≈ ,


You could see a merfolk impaler, a merfolk, 3 cyclopes and a water elemental.

Vanquished Creatures
  Rupert (Lair:4)
  Jorgrun (Snake:3)
  A lich (D:13)
  A tengu reaver (D:13)
  The ghost of Biam the Warrior, an adept FoSk of Cheibriados (D:13)
  14 nagarajas
  Aizul (Snake:4)
  A fire giant (D:13)
  3 orc warlords (Orc:2)
  Louise (Snake:4)
  An emperor scorpion (D:15)
  A minotaur (Gauntlet)
  Nessos (Lair:6)
  3 dire elephants
  An ettin (D:13)
  Snorg (D:13)
  A blizzard demon (Gauntlet)
  A merfolk impaler (Shoals:2)
  The ghost of kim the Impaler, a journeyman MfSk of Okawaru (Orc:1)
  Josephine (Snake:1)
  Harold (Lair:2)
  A deep elf high priest (Elf:1)
  18 naga warriors
  2 rakshasas
  8 hydras
  2 merfolk avatars
  The ghost of arb the Spear-Bearer, a journeyman DsWz of Okawaru (Orc:1)
  A catoblepas (D:14)
  4 anacondas
  5 centaur warriors
  A death knight (D:13)
  17 two-headed ogres
  3 merfolk aquamancers
  12 death yaks
  2 dancing weapons (Elf:1)
  A tengu warrior (D:10)
  A deep troll earth mage (D:13)
  5 orc high priests
  22 naga sharpshooters
  3 ogre magi (Orc:2)
  Sonja (Lair:2)
  12 shock serpents
  2 skeletal warriors (D:13)
  8 deep elf knights (Elf:1)
  6 salamander mystics
  7 sea snakes
  2 glowing orange brains (Gauntlet)
  An unseen horror (shapeshifter) (D:13)
  4 orange crystal statues (Orc:1)
  4 unseen horrors
  A wizard (D:10)
  5 naga ritualists
  5 deep elf archers
  2 necromancers
  13 harpies
  A wolf spider zombie (D:14)
  3 orc knights
  A lindwurm (Lair:6)
  11 mana vipers
  An oklob plant (Lair:4)
  2 orc sorcerers
  6 manticores
  24 deep elf magi
  7 cyclopes
  14 ugly things
  3 merfolk sirens (Shoals:1)
  15 salamanders
  6 elephants
  5 centaur zombies
  22 black mambas
  2 water nymphs (Shoals:2)
  7 centaur skeletons
  5 guardian serpents
  9 spiny frogs
  An ice statue (Snake:2)
  30 naga magi
  Maggie (Lair:2)
  2 gargoyles
  A kobold demonologist (D:13)
  11 komodo dragons
  A yaktaur (D:13)
  An ice devil (Gauntlet)
  A yaktaur (shapeshifter) (D:13)
  6 rime drakes
  4 freezing wraiths (D:13)
  2 tengu conjurers
  11 trolls
  A jumping spider (shapeshifter) (D:14)
  A queen bee (shapeshifter) (D:14)
  9 merfolk
  5 polar bears
  A raiju (shapeshifter) (D:13)
  A wolf spider simulacrum (D:13)
  2 wind drakes
  14 slime creatures
  13 dream sheep
  A hippogriff (shapeshifter) (D:13)
  10 hippogriffs
  5 blink frogs (Lair:4)
  A meliai zombie (D:15)
  3 snapping turtles
  Sigmund (D:2)
  7 wraiths
  5 shadows
  11 water elementals
  A vampire (D:15)
  A redback (shapeshifter) (D:14)
  An air elemental (Elf:1)
  40 yaks
  4 wyverns
  5 hungry ghosts
  3 vampire mosquitoes (D:13)
  Edmund (D:5)
  40 nagas
  3 wargs (Orc:2)
  An acid dragon (D:15)
  16 water moccasins
  7 porcupines
  Duvessa (D:6)
  38 orc warriors
  4 sky beasts
  2 ice beasts
  3 black bears
  6 phantoms
  42 ogres
  10 wolves
  2 elephant zombies (Lair:5)
  A necrophage (D:8)
  14 centaurs
  17 crocodiles
  2 big kobolds
  25 bullfrogs
  A gnoll sergeant (D:11)
  Dowan (D:6)
  A wyvern zombie (D:14)
  A wyvern skeleton (D:14)
  8 scorpions
  5 killer bees
  7 wights
  3 electric eels (Lair:5)
  A howler monkey (D:10)
  4 bullfrog zombies
  12 crimson imps
  A basilisk zombie (Lair:5)
  12 jellies
  6 bullfrog skeletons
  6 hounds
  17 orc priests
  23 orc wizards
  6 iguanas
  15 worker ants
  2 killer bee zombies
  A crocodile zombie (Lair:5)
  A hound zombie (D:10)
  3 hound skeletons
  A worker ant zombie (D:5)
  5 gnolls (D:11)
  A howler monkey skeleton (D:11)
  15 adders
  3 shadow imps
  2 white imps
  A worker ant simulacrum (D:11)
  4 oozes
  2 adder skeletons
  2 worms
  A dart slug (D:2)
  8 leopard geckos
  84 orcs
  4 ball pythons
  15 bats
  4 giant cockroaches
  16 goblins
  7 hobgoblins
  21 jackals
  19 kobolds
  4 quokkas
  3 frilled lizards
  A jackal skeleton (D:6)
  A jackal zombie (D:4)
  A leopard gecko skeleton (D:4)
  A leopard gecko zombie (D:7)
  7 rats
  7 fungi
  6 plants
1200 creatures vanquished.

Vanquished Creatures (collateral kills)
  A deep elf archer (Elf:1)
1 creature vanquished.

Vanquished Creatures (others)
  An ogre mage (Orc:2)
  An air elemental (Elf:1)
  A naga (Snake:4)
  43 fungi
  23 plants
69 creatures vanquished.

Grand Total: 1270 creatures vanquished

Notes
Turn   | Place    | Note
-------+----------+-------------------------------------------
     0 | D:1      | Dorkslayer the Troll Fighter began the quest for the Orb.
     0 | D:1      | Reached XP level 1. HP: 22/22 MP: 0/0
   185 | D:1      | Reached XP level 2. HP: 28/29 MP: 1/1
   517 | D:1      | Reached XP level 3. HP: 36/36 MP: 2/2
  1603 | D:2      | Reached skill level 3 in Unarmed Combat
  1603 | D:2      | Reached XP level 4. HP: 44/44 MP: 3/3
  1795 | D:2      | Noticed Sigmund
  1815 | D:2      | Killed Sigmund
  1815 | D:2      | Reached skill level 4 in Unarmed Combat
  1815 | D:2      | Reached XP level 5. HP: 50/52 MP: 4/4
  2055 | D:3      | Reached XP level 6. HP: 59/59 MP: 5/5
  2413 | D:3      | Found a sacrificial altar of Ru.
  3057 | D:4      | Reached skill level 1 in Stealth
  3057 | D:4      | Reached skill level 5 in Unarmed Combat
  3148 | D:4      | Reached XP level 7. HP: 67/67 MP: 6/6
  3537 | D:5      | Entered Level 5 of the Dungeon
  3692 | D:5      | Reached skill level 6 in Unarmed Combat
  3986 | D:5      | Found a staircase to the Ecumenical Temple.
  4000 | D:5      | Reached XP level 8. HP: 61/75 MP: 7/7
  4009 | D:5      | Reached skill level 7 in Unarmed Combat
  4026 | Temple   | Entered the Ecumenical Temple
  4380 | D:5      | Noticed Edmund
  4390 | D:5      | Killed Edmund
  4534 | D:6      | Reached skill level 8 in Unarmed Combat
  4549 | D:6      | Found a burning altar of Makhleb.
  4629 | D:6      | Noticed Duvessa
  4629 | D:6      | Noticed Dowan
  4640 | D:6      | Killed Duvessa
  4644 | D:6      | Killed Dowan
  4702 | D:6      | Found a glowing golden altar of the Shining One.
  5026 | D:6      | Reached XP level 9. HP: 84/84 MP: 8/8
  5039 | D:6      | Reached skill level 9 in Unarmed Combat
  5336 | D:7      | Reached skill level 1 in Evocations
  5638 | D:7      | Found Vodah's Magic Scroll Shoppe.
  5661 | D:7      | Bought a scroll of blinking for 82 gold pieces
  5661 | D:7      | Bought a scroll of enchant armour for 82 gold pieces
  5661 | D:7      | Bought a scroll of identify for 22 gold pieces
  5661 | D:7      | Bought a scroll of identify for 22 gold pieces
  5661 | D:7      | Bought a scroll of identify for 22 gold pieces
  5661 | D:7      | Bought a scroll of identify for 22 gold pieces
  5661 | D:7      | Bought a scroll of identify for 22 gold pieces
  5721 | D:7      | Found a shimmering blue altar of Sif Muna.
  5735 | D:7      | Found an iron altar of Okawaru.
  5747 | D:7      | Became a worshipper of Warmaster Okawaru
  5794 | D:7      | Found an ancient bone altar of Kikubaaqudgha.
  5992 | D:7      | Found a stormy altar of Qazlal.
  6128 | D:8      | Reached skill level 1 in Long Blades
  6466 | D:8      | Reached * piety under Okawaru
  6466 | D:8      | Reached skill level 10 in Unarmed Combat
  6589 | D:8      | Noticed a two-headed ogre
  6608 | D:8      | Killed a two-headed ogre
  6608 | D:8      | Reached skill level 5 in Fighting
  6608 | D:8      | Reached skill level 1 in Invocations
  6608 | D:8      | Reached XP level 10. HP: 96/96 MP: 10/10
  6724 | D:8      | Found a shadowy altar of Dithmenos.
  6869 | D:9      | Found Qacam's Antique Weapon Shop.
  6996 | D:8      | Reached ** piety under Okawaru
  7374 | D:10     | Entered Level 10 of the Dungeon
  7400 | D:10     | Reached skill level 11 in Unarmed Combat
  7447 | D:10     | Noticed a two-headed ogre
  7456 | D:10     | Killed a two-headed ogre
  7456 | D:10     | Reached *** piety under Okawaru
  7548 | D:10     | Reached skill level 5 in Shields
  7592 | D:10     | Reached **** piety under Okawaru
  7601 | D:10     | Found a shimmering blue altar of Sif Muna.
  7893 | D:10     | Noticed a tengu warrior
  7912 | D:10     | Killed a tengu warrior
  7912 | D:10     | Received a gift from Okawaru
  8009 | D:10     | Found a staircase to the Orcish Mines.
  8174 | D:10     | Reached skill level 12 in Unarmed Combat
  8174 | D:10     | Reached XP level 11. HP: 104/104 MP: 12/12
  8214 | D:10     | Reached ***** piety under Okawaru
  8253 | D:10     | Reached skill level 1 in Throwing
  8300 | D:10     | Noticed a wizard
  8308 | D:10     | Killed a wizard
  8473 | D:10     | Noticed a two-headed ogre
  8484 | D:10     | Killed a two-headed ogre
  8516 | D:10     | Noticed an orc knight
  8541 | D:10     | Killed an orc knight
  8541 | D:10     | Reached skill level 5 in Dodging
  8593 | D:10     | Reached ****** piety under Okawaru
  8747 | D:10     | Got a shimmering cloak
  8758 | D:10     | Identified the +2 cloak of Yqaduet {Int+2} (You found it on
                  | level 10 of the Dungeon)
  8862 | D:11     | Noticed a green ugly thing
  8868 | D:11     | Killed a green ugly thing
  8881 | D:11     | Noticed a four-headed hydra
  8889 | D:11     | Killed a one-headed hydra
  8889 | D:11     | Reached skill level 13 in Unarmed Combat
  8927 | D:11     | Found a staircase to the Lair.
  8935 | D:11     | Received a gift from Okawaru
  8942 | D:11     | Got a fine cloak {god gift}
  8961 | D:11     | Identified the +2 cloak "Fyidythriufo" {rN+ Int+4} (Okawaru
                  | gifted it to you on level 11 of the Dungeon)
  9057 | D:11     | Noticed a green ugly thing
  9066 | D:11     | Killed a green ugly thing
  9249 | D:11     | Reached XP level 12. HP: 109/114 MP: 14/14
  9275 | D:11     | Noticed a centaur warrior
  9300 | D:11     | Killed a centaur warrior
  9811 | D:12     | Found a gate leading to a gauntlet.
  9820 | Gauntlet | Entered a Gauntlet
  9820 | Gauntlet | Found a transporter.
  9833 | Gauntlet | Found a transporter.
  9847 | Gauntlet | Found a transporter.
  9850 | Gauntlet | Found a transporter.
  9862 | Gauntlet | Noticed an anaconda
  9862 | Gauntlet | a shock serpent changed into an anaconda
  9865 | Gauntlet | Found a transporter.
  9883 | Gauntlet | Found a transporter.
  9888 | Gauntlet | Found a transporter.
  9891 | Gauntlet | Found a transporter.
  9892 | Gauntlet | Noticed a blizzard demon
  9917 | Gauntlet | Found a transporter.
  9928 | Gauntlet | Found a transporter.
  9932 | Gauntlet | Found a transporter.
  9932 | Gauntlet | Identified the amulet of Ekuffaun {Acrobat Dex+2}
  9932 | Gauntlet | Noticed a balrug
  9946 | Gauntlet | Found a transporter.
 10052 | Gauntlet | Killed a blizzard demon
 10074 | Gauntlet | Got a brightly glowing hat
 10080 | Gauntlet | Identified the cursed -5 hat of Failure {rC+ rN+ Str+5
                  | Int-2} (You found it in a Gauntlet)
 10114 | Gauntlet | Received a gift from Okawaru
 10114 | Gauntlet | Reached skill level 5 in Evocations
 10115 | Gauntlet | Reached skill level 14 in Unarmed Combat
 10163 | Gauntlet | Noticed a minotaur
 10172 | Gauntlet | Killed a minotaur
 10172 | Gauntlet | Reached skill level 5 in Invocations
 10434 | D:12     | You fall into a shaft and drop 3 floors!
 10434 | D:15     | Entered Level 15 of the Dungeon
 10448 | D:15     | Noticed a rakshasa
 10468 | D:15     | Killed a rakshasa
 10561 | D:14     | You fall into a shaft and drop 1 floor!
 10631 | D:14     | Received a gift from Okawaru
 10733 | D:13     | Reached XP level 13. HP: 123/123 MP: 16/16
 10817 | D:12     | Reached skill level 15 in Unarmed Combat
 11184 | D:12     | Got a shimmering hunting sling
 11185 | D:12     | Identified the +9 hunting sling "Nochiph" {freeze, rPois
                  | MR- Dex+3} (You found it on level 12 of the Dungeon)
 11677 | Lair:1   | Entered Level 1 of the Lair of Beasts
 11978 | Lair:1   | Received a gift from Okawaru
 12409 | Lair:2   | Noticed Maggie
 12420 | Lair:2   | Killed Maggie
 12435 | Lair:2   | Found a staircase to the Shoals.
 12478 | Lair:2   | Noticed Harold
 12495 | Lair:2   | Killed Harold
 12640 | Lair:2   | Noticed Sonja
 12653 | Lair:2   | Killed Sonja
 13581 | Lair:4   | Received a gift from Okawaru
 13582 | Lair:4   | Got a heavily jewelled robe {god gift}
 13593 | Lair:4   | Identified the +1 robe of Yli Idwa {rF+ rC+ MR+} (Okawaru
                  | gifted it to you on level 4 of the Lair of Beasts)
 13797 | Lair:4   | Reached skill level 16 in Unarmed Combat
 13875 | Lair:4   | Noticed Rupert
 13908 | Lair:4   | Killed Rupert
 13908 | Lair:4   | Reached XP level 14. HP: 114/133 MP: 11/18
 13982 | Lair:4   | Found a staircase to the Snake Pit.
 14487 | Lair:5   | Received a gift from Okawaru
 15727 | Lair:6   | Entered Level 6 of the Lair of Beasts
 15827 | Lair:6   | Reached skill level 17 in Unarmed Combat
 16058 | Lair:6   | Received a gift from Okawaru
 16069 | Lair:6   | Noticed Nessos
 16095 | Lair:6   | Killed Nessos
 16138 | Lair:6   | Got a wavering lead ring
 16147 | Lair:6   | Got a masterwork great mace
 16154 | Lair:6   | Got a bloodstained broad axe
 16464 | Lair:6   | Found a staircase to the Slime Pits.
 16464 | Lair:6   | Found a viscous altar of Jiyva.
 16512 | Lair:6   | Reached XP level 15. HP: 58/143 MP: 17/19
 16964 | Orc:1    | Entered Level 1 of the Orcish Mines
 17011 | Orc:1    | Found a runed translucent gate.
 17011 | Orc:1    | Found a runed translucent gate.
 17027 | Orc:1    | Found a runed translucent gate.
 17118 | Orc:1    | Noticed arb's ghost (journeyman DsWz)
 17119 | Orc:1    | Noticed kim's ghost (journeyman MfSk)
 17167 | Orc:1    | Identified the cursed ring of Firam {rF- Str+4 Int+8
                  | Slay-4} (You found it on level 6 of the Lair of Beasts)
 17183 | Orc:1    | Killed arb's ghost
 17185 | Orc:1    | Killed kim's ghost
 17294 | Orc:2    | Entered Level 2 of the Orcish Mines
 17297 | Orc:2    | Received a gift from Okawaru
 17408 | Orc:2    | Noticed an orc warlord
 17423 | Orc:2    | Received a gift from Okawaru
 17465 | Orc:2    | Reached skill level 18 in Unarmed Combat
 17471 | Orc:2    | Killed an orc warlord
 17612 | Orc:2    | Found Gaeduin's Antique Weapon Emporium.
 17616 | Orc:2    | Found Ymiats's Weapon Boutique.
 17616 | Orc:2    | Found Abufogupp's Distillery.
 17616 | Orc:2    | Found Norhe's Magic Scroll Shop.
 17630 | Orc:2    | Bought a scroll of identify for 22 gold pieces
 17630 | Orc:2    | Bought a scroll of acquirement for 572 gold pieces
 17630 | Orc:2    | Bought a scroll of enchant weapon for 82 gold pieces
 17630 | Orc:2    | Bought a scroll of immolation for 38 gold pieces
 17630 | Orc:2    | Bought a scroll of identify for 22 gold pieces
 17633 | Orc:2    | Bought a potion of invisibility for 120 gold pieces
 17633 | Orc:2    | Bought a potion of heal wounds for 75 gold pieces
 17633 | Orc:2    | Bought a potion of curing for 45 gold pieces
 17633 | Orc:2    | Bought a potion of curing for 45 gold pieces
 17633 | Orc:2    | Bought a potion of heal wounds for 75 gold pieces
 17635 | Orc:2    | Got the ring "Qumibb" {rElec Slay+4}
 17640 | Orc:2    | Identified the +1 broad axe of Blood {vorpal, *Drain rF++
                  | Str+3 Int+3} (You found it on level 6 of the Lair of
                  | Beasts)
 17647 | Orc:2    | Identified the +4 great mace of Understanding {vorpal,
                  | rElec} (You found it on level 6 of the Lair of Beasts)
 17656 | Orc:2    | Bought a scroll of magic mapping for 38 gold pieces
 17656 | Orc:2    | Bought a scroll of magic mapping for 38 gold pieces
 17656 | Orc:2    | Bought a scroll of teleportation for 33 gold pieces
 17656 | Orc:2    | Bought a scroll of blinking for 82 gold pieces
 17828 | Orc:2    | Found a staircase to the Elven Halls.
 17916 | Orc:2    | Noticed an orc warlord
 17936 | Orc:2    | Killed an orc warlord
 18455 | Orc:2    | Got an ancient robe {god gift}
 18518 | Orc:2    | Bought 3 scrolls of silence for 247 gold pieces
 18553 | Orc:1    | Found Puhash's Mayhem Merchandise.
 18553 | Orc:1    | Noticed an orc warlord
 18665 | Orc:2    | Received a gift from Okawaru
 18698 | Orc:2    | Killed an orc warlord
 18827 | Orc:1    | Bought a wand of iceblast (10) for 224 gold pieces
 18901 | Orc:1    | Found the +10 tower shield of Ignorance {rN+ Int-4}
 18926 | Orc:1    | Found a runed translucent door.
 18958 | Orc:1    | Found a runed translucent door.
 19066 | Orc:1    | Identified the +1 robe of Okawaru's Grace {Str+2} (Okawaru
                  | gifted it to you on level 2 of the Orcish Mines)
 19078 | Orc:1    | Gained mutation: You are frail. (-10% HP) [potion of
                  | mutation]
 19078 | Orc:1    | Gained mutation: Your body sometimes deteriorates upon
                  | taking damage. [potion of mutation]
 19078 | Orc:1    | Gained mutation: Your movements are slightly less
                  | encumbered by armour. (ER -2) [potion of mutation]
 19079 | Orc:1    | Lost mutation: You are frail. (-10% HP) [potion of
                  | mutation]
 19079 | Orc:1    | Lost mutation: Your body sometimes deteriorates upon taking
                  | damage. [potion of mutation]
 19079 | Orc:1    | Gained mutation: You are weak. (Str -2) [potion of
                  | mutation]
 19079 | Orc:1    | Gained mutation: You passively map a small area around you.
                  | [potion of mutation]
 19644 | Snake:1  | Entered Level 1 of the Snake Pit
 19885 | Snake:1  | Reached XP level 16. HP: 86/154 MP: 21/21
 20062 | Snake:1  | Found Uqehennix's Armour Emporium.
 20157 | Snake:1  | Received a gift from Okawaru
 20278 | Snake:1  | Noticed Josephine
 20287 | Snake:1  | Killed Josephine
 20748 | Snake:2  | Found a gateway to a bazaar.
 20764 | Bazaar   | Entered a bazaar
 20768 | Bazaar   | Found Reckibre's Jewellery Boutique.
 20787 | Bazaar   | Found Idoxt's Antique Armour Emporium.
 20805 | Bazaar   | Found Zikhliesh's Armour Boutique.
 20822 | Bazaar   | Found Hoptityl's Assorted Antiques.
 20860 | Bazaar   | Bought a scroll of identify for 54 gold pieces
 20860 | Bazaar   | Bought a scroll of identify for 54 gold pieces
 20922 | Snake:2  | Received a gift from Okawaru
 21317 | Snake:2  | Found Liocy's Antique Armour Emporium.
 21325 | Snake:2  | Bought a runed tower shield for 172 gold pieces
 21355 | Snake:2  | Found Gilihesi's Goods Gallery.
 21936 | Snake:3  | Noticed Jorgrun
 21946 | Snake:3  | Killed Jorgrun
 22210 | Snake:3  | Reached skill level 19 in Unarmed Combat
 22373 | Snake:3  | Received a gift from Okawaru
 22567 | Snake:3  | Found a shattered altar of Ashenzari.
 22759 | Snake:3  | Reached skill level 10 in Dodging
 22782 | Snake:3  | Reached XP level 17. HP: 116/165 MP: 14/22
 22792 | Snake:4  | Entered Level 4 of the Snake Pit
 22794 | Snake:4  | Received a gift from Okawaru
 22795 | Snake:4  | Got a warped robe {god gift}
 22978 | Snake:3  | Identified the +1 robe of the Robin {rF+} (Okawaru gifted
                  | it to you on level 4 of the Snake Pit)
 23432 | Snake:4  | Found Qeqach's General Store.
 23436 | Snake:4  | Bought a potion of heal wounds for 50 gold pieces
 23664 | Snake:4  | Reached skill level 10 in Fighting
 23781 | Snake:4  | Noticed Aizul
 23798 | Snake:4  | Killed Aizul
 23798 | Snake:4  | Received a gift from Okawaru
 23798 | Snake:4  | HP: 6/166 [something (8)]
 24097 | Snake:4  | Reached skill level 1 in Armour
 24102 | Snake:4  | Noticed Louise
 24128 | Snake:4  | Killed Louise
 24424 | Snake:4  | Received a gift from Okawaru
 24858 | Snake:4  | Got a serpentine rune of Zot
 25812 | Elf:1    | Entered Level 1 of the Elven Halls
 25829 | Elf:1    | Reached XP level 18. HP: 176/176 MP: 18/24
 26030 | Elf:1    | Received a gift from Okawaru
 26251 | Elf:1    | Received a gift from Okawaru
 26994 | D:13     | Noticed Snorg
 27001 | D:13     | Killed Snorg
 27001 | D:13     | Reached skill level 20 in Unarmed Combat
 27255 | D:13     | Found a runed translucent door.
 27260 | D:13     | Noticed a lich
 27260 | D:13     | Noticed Biam's ghost (adept FoSk)
 27272 | D:13     | Killed a lich
 27280 | D:13     | Killed Biam's ghost
 27280 | D:13     | Reached skill level 10 in Invocations
 27318 | D:13     | Found a runed translucent door.
 27382 | D:13     | Received a gift from Okawaru
 27866 | D:13     | Identified the cursed +0 cloak of Giafrow {Str+7} (You
                  | found it on level 13 of the Dungeon)
 27868 | D:13     | Identified the +0 cloak "Niaplig" {Harm +Blink rC- Dex-3}
                  | (You found it on level 13 of the Dungeon)
 28265 | D:14     | Found a gate to the Vaults.
 28900 | D:15     | Reached skill level 10 in Shields
 29222 | D:15     | Found a staircase to the Depths.
 29400 | Shoals:1 | Entered Level 1 of the Shoals
 29427 | Shoals:1 | Received a gift from Okawaru
 29429 | Shoals:1 | Got an ancient robe {god gift}
 29430 | Shoals:1 | Identified the +1 robe "Uxzor" {Dex+3} (Okawaru gifted it
                  | to you on level 1 of the Shoals)
 29969 | Shoals:2 | Reached XP level 19. HP: 129/184 MP: 18/25
 30096 | Shoals:2 | Hit by a large rock thrown by a cyclops

Illustrated notes

Levels and vault maps discovered:
D:1:      minmay_arrival_plants_in_alcoves, layout_loops_corners,
          lexackson_kobold_supper
D:2:      layout_loops_corners, uniq_sigmund
D:3:      layout_basic, first_ration, nicolae_ru_the_path_less_chosen
D:4:      minmay_recursive_quarters, layout_rooms
D:5:      layout_loops_ring, minmay_temple_entry_water_ring,
          serial_bayou_ford_a, minmay_ogre_servants, uniq_edmund
D:6:      layout_loops_ring, tso_metal_star, kennysheep_mini, st_stairs_6,
          uniq_duvessa
D:7:      layout_basic, led_sif_pool, okawaru_metal_pillars_1_2,
          grunt_qazlal_clouds, basic_altar, serial_shops, nicolae_shop_stone
D:8:      layout_gridville, lemuel_doored_altar
D:9:      layout_roguey, serial_curves, eino_curves_01, eino_curves_02,
          serial_shops, nicolae_shop_stone
D:10:     minmay_the_grid_3x3 [minmay_the_grid_aliased_spiral,
          minmay_the_grid_empty, minmay_the_grid_plusring,
          minmay_the_grid_minigrid_large, minmay_the_grid_pillar_ring,
          minmay_the_grid_garden, minmay_the_grid_rooms, minmay_the_grid_slots,
          minmay_the_grid_prize_big_room], layout_grid_maze, orc_0_dummy,
          basic_altar, grunt_tengu_nest
D:11:     layout_roguey, due_lair_maze_entry_diamond, serial_ice, serial_ice_e,
          serial_ice_h, serial_ice_a, serial_ice_m, library_closet,
          minmay_checkerbox
D:12:     layout_stronghold, gauntlet_entry_generic
D:13:     minmay_two_paths, layout_loops_ring, muffindrake_ghost_dual_entry,
          small_statue_intersection, minmay_misc_feat_columns,
          corexii_leaking_fountain, hangedman_decor_lopped, uniq_snorg
D:14:     layout_loops_ring, david_vaults_2, hangedman_decor_push,
          statue_in_the_mist_lemuel, hive_lemuel
D:15:     hangedman_depths_entry_try_elsewhere_first, layout_rooms,
          lemuel_freeze_loot_1
Temple:   nicolae_temple_elliptical
Lair:1:   layout_long_grid
Lair:2:   layout_chaotic_city, shoals_dummy_entry, uniq_maggie, uniq_harold,
          uniq_sonja
Lair:3:   layout_chaotic_city, lemuel_fruit_fields
Lair:4:   layout_hall_layers, minmay_snake_entry_guardpost_small,
          lemuel_fruit_fields, uniq_rupert
Lair:5:   pond_and_an_island_with_a_cottage, layout_cave_pods,
          grunt_forest_stairs_basic
Lair:6:   gammafunk_lair_ancient_temple, layout_long_grid, slime_altar_1,
          serial_bayou_shore_b, uniq_nessos
Shoals:1: layout_shoals
Shoals:2: layout_shoals, minmay_shop_enchanted_jewellery, st_shoals_ruin
Snake:1:  kennysheep_six_static_rooms, layout_basic, serial_shops, shop,
          st_stairs_4, drop_trap, uniq_josephine
Snake:2:  layout_onion, serial_shops, statue_bzr, shop, nicolae_alphabet_shops
Snake:3:  nicolae_cobra_stairs, layout_cave_town, basic_altar,
          serial_bayou_shore_b, uniq_jorgrun
Snake:4:  snake_pit, layout_cave_town, serial_shops, nicolae_shop_stone,
          uniq_aizul, uniq_louise
Orc:1:    layout_caves, gammafunk_ghost_cemetery, minmay_shop_mayhem,
          chequers_guarded_unrand_ignorance
Orc:2:    st_orc_ogre_mass, layout_caves, elf_legates
Elf:1:    eino_elf_arrival_the_gate, layout_geoelf_grid,
          kennysheep_underground_church, lemuel_flamethrower_3,
          grunt_megastairs_2

Skill      XL: |  1  2  3  4  5  6  7  8  9 10 11 12 13 14 15 16 17 18 19 |
---------------+----------------------------------------------------------+-----
Dodging        | 3 4 5 6 7 10 11 12 | 12.4
Unarmed Combat | 3 4 5 6 8 10 12 13 14 16 17 18 19 20 | 20.6
Shields        | 3 4 5 6 7 8 9 10 | 10.4
Stealth        | 1 2 3 |  3.5
Fighting       | 3 4 5 6 7 8 9 10 11 | 11.0
Evocations     | 2 3 4 5 6 7 8 9 |  9.9
Long Blades    | 1 |  1.7
Invocations    | 1 3 4 5 6 7 8 9 10 | 10.3
Throwing       | 2 3 4 |  4.7
Armour         | 1 2 3 |  3.0
Slings         | |  0.6

Action                   |  1- 3 |  4- 6 |  7- 9 | 10-12 | 13-15 | 16-18 | 19-21 || total
-------------------------+-------+-------+-------+-------+-------+-------+-------++-------
Melee: Unarmed           |   135 |   115 |   369 |   657 |  1252 |  1158 |    52 ||  3738
       Long sword        |       |       |       |     4 |    34 |    10 |       ||    48
       Hunting sling     |       |       |       |       |     1 |     1 |       ||     2
 Fire: Hunting sling     |       |       |       |       |    21 |    20 |       ||    41
Throw: Dart              |       |     1 |     1 |    13 |       |       |       ||    15
       Stone             |       |       |     7 |     7 |       |       |       ||    14
       Boomerang         |       |       |       |    25 |   154 |    20 |       ||   199
       Javelin           |       |       |       |       |       |    62 |       ||    62
Invok: Heroism           |       |       |       |     6 |    27 |    35 |     1 ||    69
       Finesse           |       |       |       |     5 |    15 |    10 |     1 ||    31
 Abil: Evoke Flight      |       |       |       |       |       |       |     2 ||     2
Evoke: Wand              |       |       |     4 |    21 |    35 |    31 |       ||    91
       Phial of floods   |       |       |       |     1 |     1 |     1 |       ||     3
       Tin of tremorston |       |       |       |       |       |    16 |       ||    16
  Use: Scroll            |       |    10 |    10 |    13 |    15 |    11 |       ||    59
       Potion            |       |       |     1 |     1 |    11 |    19 |     1 ||    33
 Stab: Sleeping          |     1 |     3 |     1 |     3 |     3 |    12 |       ||    23
       Distracted        |       |       |     1 |       |       |     3 |       ||     4
       Paralysed         |       |       |       |     4 |     4 |       |       ||     8
       Invisible         |       |       |       |       |     7 |       |       ||     7
  Eat: Chunk             |    15 |    14 |    39 |    40 |    77 |    78 |     5 ||   268
       Ration            |       |       |       |     1 |       |     4 |       ||     5
Armor: Robe              |    30 |    24 |    79 |   109 |   242 |   112 |    17 ||   613
       Quicksilver drago |       |       |       |       |       |    19 |       ||    19
Dodge: Dodged            |    50 |    74 |   142 |   261 |   541 |   357 |    48 ||  1473
Block: Kite shield       |    53 |    55 |   138 |   263 |   568 |    69 |       ||  1146
       Tower shield      |       |       |       |       |       |   870 |   112 ||   982
       Rpst.: Long sword |       |       |       |     2 |     5 |     1 |       ||     8
